Senators vs Punishers
Created - December 18, 2018 at 19:42
Goals
|
| Senators |
1 |
0 |
3 |
4 |
| Punishers |
1 |
1 |
3 |
5 |
|
Shots
|
| Senators |
13 |
12 |
12 |
37 |
| Punishers |
10 |
7 |
10 |
27 |
|
1st period
1. Punishers , Robbie Earl 15 (Dylan DeMelo 6) at 2:24
2. Senators , Samuel Morin 1 (Gabriel Bourque 29, Stephane Da Costa 25) at 6:34 (PP)
Penalties :
Carter Ashton (Pro) for High sticking (Minor) at 6:23, Sebastian Wannstrom (BIN) for Tripping (Minor) at 9:51
2nd period
3. Punishers , David Laliberté 14 (Zack Hamill 36, Robbie Earl 16) at 18:01
Penalties :
Sebastian Wannstrom (BIN) for Holding (Minor) at 4:36, Robbie Earl (Pro) for Delaying the game (Minor) at 11:01
3rd period
4. Punishers , Zack Hamill 25 (Robbie Earl 17, Jordan Schmaltz 9) at 0:11
5. Senators , Johannes Salmonsson 11 (Zemgus Girgensons 5, Olli Maatta 6) at 3:30
6. Punishers , Colton Gillies 8 (Trevor Van Riemsdyk 4, Carter Ashton 10) at 4:24
7. Senators , Andy Andreoff 7 (Ian Cole 16, Grant Besse 5) at 9:33
8. Punishers , Robbie Earl 16 (Madison Bowey 6, David Laliberté 20) at 9:45
9. Senators , Gabriel Bourque 17 (Stephane Da Costa 26, Samuel Morin 4) at 19:31 (SH)
Penalties :
Tommy Wingels (BIN) for Cross-checking (Minor) at 12:43, Colton Gillies (Pro) for Hooking (Minor) at 16:35, Andy Andreoff (BIN) for Hooking (Minor) at 19:15
Goalie Stats
Ben Bishop (BIN), 4 saves from 4 shots - (1.000), 10:15 minutes
Brad Thiessen (BIN), 18 saves from 23 shots - (0.783), L, 9-7-3, 49:45 minutes
Louis Domingue (Pro), 33 saves from 37 shots - (0.892), W, 7-5-1, 60:00 minutes
Players Stats for Senators
Player Name G A P +/- PIM S H SB GA TA FO MP PP MP PK MP
------------------------------------------------------------------------------------
Andy Andreoff 1 0 1 0 2 3 0 0 0 0 1/1 10:07 0:12 1:01
Arturs Kulda 0 0 0 -2 0 2 5 1 0 0 0/0 22:12 2:26 3:52
Blake Coleman 0 0 0 0 0 0 0 0 0 0 0/0 1:54 0:00 1:32
Brett Bulmer 0 0 0 0 0 0 0 0 0 0 0/0 1:13 1:06 0:00
Chandler Stephenson 0 0 0 0 0 0 0 0 0 0 2/2 8:21 0:00 0:00
Dylan Blujus 0 0 0 0 0 1 0 0 0 0 0/0 13:07 0:00 0:00
Gabriel Bourque 1 1 2 -2 0 3 5 1 0 0 2/6 21:30 1:54 3:36
Grant Besse 0 1 1 0 0 2 2 0 0 0 0/1 9:10 0:33 0:00
Ian Cole 0 1 1 -1 0 4 1 4 0 0 0/0 27:16 2:26 3:52
Johannes Salmonsson 1 0 1 1 0 3 1 0 1 0 0/0 13:27 0:00 1:42
Keegan Lowe 0 0 0 0 0 1 0 0 0 0 0/0 13:07 0:00 0:00
Mason Geertsen 0 0 0 1 0 0 0 0 0 0 0/0 5:04 0:00 0:00
Matt Frattin 0 0 0 -3 0 0 4 0 0 0 1/1 17:17 1:54 0:00
Nick Foligno 0 0 0 -1 0 2 2 0 1 2 0/0 16:12 1:42 1:42
Olli Maatta 0 1 1 -1 0 1 0 0 0 0 0/0 19:37 1:43 2:49
Phil Di Giuseppe 0 0 0 0 0 0 1 0 0 0 0/0 8:53 1:30 0:00
Samuel Morin 1 1 2 -1 0 2 0 1 0 0 0/0 19:37 1:43 2:49
Sebastian Wannstrom 0 0 0 1 4 2 0 0 0 0 0/0 12:19 0:00 0:00
Stephane Da Costa 0 2 2 -2 0 3 1 2 0 1 13/28 21:25 1:54 3:49
Tomas Jurco 0 0 0 -1 0 2 0 0 0 0 0/0 5:12 0:00 0:00
Tommy Wingels 0 0 0 -1 2 2 2 0 1 0 1/4 14:30 1:42 0:00
Zemgus Girgensons 0 1 1 1 0 4 0 0 0 0 3/3 11:45 0:00 0:00
Players Stats for Punishers
Player Name G A P +/- PIM S H SB GA TA FO MP PP MP PK MP
------------------------------------------------------------------------------------
Adam Pelech 0 0 0 0 0 3 3 1 1 1 0/0 27:58 4:01 2:12
Boone Jenner 0 0 0 0 0 1 2 0 0 0 4/8 15:23 2:52 0:00
Carter Ashton 0 1 1 0 2 0 1 1 1 0 1/1 12:52 0:14 0:27
Colton Gillies 1 0 1 0 2 2 2 0 0 0 0/1 12:38 0:00 1:12
David Laliberté 1 1 2 2 0 2 2 0 0 0 0/0 20:46 3:35 0:27
Dylan DeMelo 0 1 1 3 0 0 0 0 0 0 0/0 11:47 0:25 0:00
Garret Ross 0 0 0 0 0 2 0 0 0 0 0/0 9:07 0:03 0:35
Jordan Schmaltz 0 1 1 0 0 2 1 0 0 1 0/0 27:58 4:01 2:12
Madison Bowey 0 1 1 -1 0 0 0 1 0 1 0/0 20:15 2:15 1:57
Mark Jankowski 0 0 0 0 0 0 1 0 0 0 1/2 11:33 0:00 0:06
Michael Joly 0 0 0 0 0 0 0 1 0 0 0/0 8:39 0:11 0:00
Miikka Salomaki 0 0 0 0 0 2 1 0 0 0 0/0 16:48 2:52 1:25
Patrick Wiercioch 0 0 0 -1 0 0 2 1 0 0 0/0 20:15 2:15 1:57
Radek Faksa 0 0 0 0 0 0 1 0 0 0 1/3 9:22 0:00 1:11
Robbie Earl 2 2 4 2 2 8 3 2 1 0 0/1 21:27 3:46 0:58
Trevor Van Riemsdyk 0 1 1 3 0 1 1 0 0 0 0/0 11:47 0:25 0:00
Tyler Bertuzzi 0 0 0 0 0 1 1 0 0 0 0/0 15:23 2:52 0:00
Zack Hamill 1 1 2 2 0 3 1 1 0 0 16/30 21:50 3:38 1:57
3 Stars
1 - Robbie Earl (Pro)
2 - David Laliberté (Pro)
3 - Zack Hamill (Pro)
Power Play
Senators - 1 on 3 Attempt(s) - 33.33%
Punishers - 0 on 4 Attempt(s) - 0.00%
Penalty Kill
Senators - 4 on 4 Attempt(s) - 100.00%
- Score 1 goal in Penalty Kill
Punishers - 2 on 3 Attempt(s) - 66.67%
- Score 0 goal in Penalty Kill
Team Stat
Senators - Hits : 24 - Faceoff Wins : 23 - Blocked Shots : 9 - Penalty Minutes : 8
Punishers - Hits : 22 - Faceoff Wins : 23 - Blocked Shots : 8 - Penalty Minutes : 6
Official
Referees : Unknown
Linesman : Unknown
Game Notes
Tomas Jurco is injured at 0:42 of 2nd period (Left Leg)
Ben Bishop enters game at 9:45 of 3rd period
Finance
Level 1 -- Attendance: 1477 (73.85%) -- Ticket Income $59,080
Level 2 -- Attendance: 690 (69.00%) -- Ticket Income $13,800
Total Attendance: 2167 (72.23%)
Total Ticket Income: $72,880
Other Income: $3,644
Total Income: $76,524
Senators
5 vs 5 Forward
Center Left Wing Right Wing Time % Phy DF OF
1 Stephane Da Costa Gabriel Bourque Matt Frattin 40 1 2 2
2 Tommy Wingels Nick Foligno Tomas Jurco 30 1 2 2
3 Zemgus Girgensons Johannes Salmonsson Sebastian Wannstrom 20 1 2 2
4 Chandler Stephenson Andy Andreoff Grant Besse 10 1 2 2
5 vs 5 Defense
Defense Defense Time % Phy DF OF
1 Ian Cole Arturs Kulda 40 1 2 2
2 Olli Maatta Samuel Morin 30 1 2 2
3 Dylan Blujus Keegan Lowe 20 1 2 2
4 Mason Geertsen Ian Cole 10 1 2 2
PowerPlay Forward
Center Left Wing Right Wing Time % Phy DF OF
1 Stephane Da Costa Gabriel Bourque Matt Frattin 60 1 2 2
2 Tommy Wingels Nick Foligno Tomas Jurco 40 1 2 2
PowerPlay Defense
Defense Defense Time % Phy DF OF
1 Ian Cole Arturs Kulda 60 1 2 2
2 Olli Maatta Samuel Morin 40 1 2 2
Penalty Kill 4 Players Forward
Center Wing Time % Phy DF OF
1 Gabriel Bourque Stephane Da Costa 60 1 2 2
2 Nick Foligno Johannes Salmonsson 40 1 2 2
Penalty Kill 4 Players Defense
Defense Defense Time % Phy DF OF
1 Ian Cole Arturs Kulda 60 1 2 2
2 Olli Maatta Samuel Morin 40 1 2 2
Penalty Kill - 3 Players Forward
Forward Time % Phy DF OF
1 Gabriel Bourque 60 1 2 2
2 Stephane Da Costa 40 1 2 2
Penalty Kill - 3 Players Defense
Defense Defense Time % Phy DF OF
1 Ian Cole Arturs Kulda 60 1 2 2
2 Olli Maatta Samuel Morin 40 1 2 2
4 vs 4 Forward
Center Wing Time % Phy DF OF
1 Gabriel Bourque Stephane Da Costa 60 1 2 2
2 Nick Foligno Johannes Salmonsson 40 1 2 2
4 vs 4 Defense
Defense Defense Time % Phy DF OF
1 Ian Cole Arturs Kulda 60 1 2 2
2 Olli Maatta Samuel Morin 40 1 2 2
Last Minutes Offensive
Center Left Wing Right Wing Defense Defense
Stephane Da Costa Gabriel Bourque Matt Frattin Ian Cole Arturs Kulda
Last Minutes Defensive
Center Left Wing Right Wing Defense Defense
Stephane Da Costa Gabriel Bourque Matt Frattin Ian Cole Arturs Kulda
Goaltenders
Starting : Brad Thiessen
Backup : Ben Bishop
Extra Forwards
Normal : Phil Di Giuseppe, Brett Bulmer, Blake Coleman - PP : Phil Di Giuseppe, Brett Bulmer - PK : Blake Coleman
Extra Defensemen
Normal : Dylan Blujus, Keegan Lowe, Mason Geertsen - PP : Dylan Blujus - PK : Keegan Lowe, Mason Geertsen
Penalty Shots
Gabriel Bourque, Stephane Da Costa, Nick Foligno, Johannes Salmonsson, Tommy Wingels
Scratches
None
Punishers
5 vs 5 Forward
Center Left Wing Right Wing Time % Phy DF OF
1 Zack Hamill Robbie Earl David Laliberté 40 1 2 2
2 Boone Jenner Tyler Bertuzzi Miikka Salomaki 30 1 2 2
3 Mark Jankowski Colton Gillies Carter Ashton 20 1 2 2
4 Radek Faksa Garret Ross Michael Joly 10 1 2 2
5 vs 5 Defense
Defense Defense Time % Phy DF OF
1 Adam Pelech Jordan Schmaltz 40 1 2 2
2 Patrick Wiercioch Madison Bowey 30 1 2 2
3 Trevor Van Riemsdyk Dylan DeMelo 20 1 2 2
4 Adam Pelech Jordan Schmaltz 10 1 2 2
PowerPlay Forward
Center Left Wing Right Wing Time % Phy DF OF
1 Zack Hamill Robbie Earl David Laliberté 60 1 2 2
2 Boone Jenner Tyler Bertuzzi Miikka Salomaki 40 1 2 2
PowerPlay Defense
Defense Defense Time % Phy DF OF
1 Adam Pelech Jordan Schmaltz 60 1 2 2
2 Patrick Wiercioch Madison Bowey 40 1 2 2
Penalty Kill 4 Players Forward
Center Wing Time % Phy DF OF
1 Zack Hamill Colton Gillies 60 1 2 2
2 David Laliberté Carter Ashton 40 1 2 2
Penalty Kill 4 Players Defense
Defense Defense Time % Phy DF OF
1 Adam Pelech Jordan Schmaltz 60 1 2 2
2 Patrick Wiercioch Madison Bowey 40 1 2 2
Penalty Kill - 3 Players Forward
Forward Time % Phy DF OF
1 Colton Gillies 60 1 2 2
2 Carter Ashton 40 1 2 2
Penalty Kill - 3 Players Defense
Defense Defense Time % Phy DF OF
1 Adam Pelech Jordan Schmaltz 60 1 2 2
2 Patrick Wiercioch Madison Bowey 40 1 2 2
4 vs 4 Forward
Center Wing Time % Phy DF OF
1 Robbie Earl Colton Gillies 60 1 2 2
2 David Laliberté Carter Ashton 40 1 2 2
4 vs 4 Defense
Defense Defense Time % Phy DF OF
1 Adam Pelech Jordan Schmaltz 60 1 2 2
2 Patrick Wiercioch Madison Bowey 40 1 2 2
Last Minutes Offensive
Center Left Wing Right Wing Defense Defense
Zack Hamill Robbie Earl David Laliberté Madison Bowey Jordan Schmaltz
Last Minutes Defensive
Center Left Wing Right Wing Defense Defense
Zack Hamill Colton Gillies Carter Ashton Adam Pelech Jordan Schmaltz
Goaltenders
Starting : Louis Domingue
Backup : Daniel Altshuller
Extra Forwards
Normal : Tyler Bertuzzi, Boone Jenner, Miikka Salomaki - PP : Carter Ashton, Boone Jenner - PK : Miikka Salomaki
Extra Defensemen
Normal : Trevor Van Riemsdyk, Dylan DeMelo, Patrick Wiercioch - PP : Trevor Van Riemsdyk - PK : Dylan DeMelo, Patrick Wiercioch
Penalty Shots
Boone Jenner, Zack Hamill, Robbie Earl, David Laliberté, Colton Gillies
Scratches
Dan Bertram (Healthy), John Macfarland (Healthy), Stefan Elliott (Healthy), Mattias Tedenby (Right Eye Injury), Kristers Gudlevskis (Healthy)
% Time on Ice - Senators
Lines # - Real PCT - Wanted PCT - Time Play
Normal Forward
1 - 33% - 40% - 16:00
2 - 27% - 30% - 13:04
3 - 24% - 20% - 11:45
4 - 17% - 10% - 8:21
Normal Defense
1 - 32% - 40% - 15:54
2 - 31% - 30% - 15:05
3 - 27% - 20% - 13:07
4 - 10% - 10% - 5:04
PP Forward
1 - 46% - 60% - 1:54
2 - 54% - 40% - 2:15
PP Defense
1 - 59% - 60% - 2:26
2 - 41% - 40% - 1:43
PK Forward
1 - 75% - 60% - 4:59
2 - 25% - 40% - 1:42
PK Defense
1 - 58% - 60% - 3:52
2 - 42% - 40% - 2:49
PK3 Forward
1 - 0% - 60%
2 - 0% - 40%
PK3 Defense
1 - 0% - 60%
2 - 0% - 40%
44 Forward
1 - 0% - 60%
2 - 0% - 40%
44 Defense
1 - 0% - 60%
2 - 0% - 40%
Last Minute Offensive - 0:00
Last Minute Defensive - 0:00
Total
Forward - 60:00
Defense - 60:00
|
% Time on Ice - Punishers
Lines # - Real PCT - Wanted PCT - Time Play
Normal Forward
1 - 34% - 40% - 16:33
2 - 26% - 30% - 13:00
3 - 23% - 20% - 11:26
4 - 17% - 10% - 8:11
Normal Defense
1 - 39% - 40% - 19:22
2 - 33% - 30% - 16:03
3 - 23% - 20% - 11:10
4 - 5% - 10% - 2:35
PP Forward
1 - 57% - 60% - 3:49
2 - 43% - 40% - 2:52
PP Defense
1 - 66% - 60% - 4:26
2 - 34% - 40% - 2:15
PK Forward
1 - 89% - 60% - 3:42
2 - 11% - 40% - 0:27
PK Defense
1 - 53% - 60% - 2:12
2 - 47% - 40% - 1:57
PK3 Forward
1 - 0% - 60%
2 - 0% - 40%
PK3 Defense
1 - 0% - 60%
2 - 0% - 40%
44 Forward
1 - 0% - 60%
2 - 0% - 40%
44 Defense
1 - 0% - 60%
2 - 0% - 40%
Last Minute Offensive - 0:00
Last Minute Defensive - 0:00
Total
Forward - 60:00
Defense - 60:00
|
Play by Play
1st period
0:01 of 1st period - Stephane Da Costa wins face-off versus Zack Hamill in neutral zone.
0:26 of 1st period - Wrist shot by Johannes Salmonsson.
0:26 of 1st period - Shot Misses the Net.
0:28 of 1st period - Wrist shot by Zemgus Girgensons.
0:28 of 1st period - Stopped by Louis Domingue with a rebound.
0:32 of 1st period - Snap shot by Johannes Salmonsson.
0:32 of 1st period - Shot Blocked by Zack Hamill.
0:50 of 1st period - Slapshot by Tommy Wingels.
0:50 of 1st period - Shot Misses the Net.
0:52 of 1st period - Snap shot by Tommy Wingels.
0:52 of 1st period - Shot Misses the Net.
1:20 of 1st period - Andy Andreoff is hit by Colton Gillies and loses puck.
2:24 of 1st period - Wrist shot by Robbie Earl.
2:24 of 1st period - Goal by Robbie Earl - Senators : 0 - Punishers : 1.
2:25 of 1st period - Zack Hamill wins face-off versus Stephane Da Costa in neutral zone.
2:57 of 1st period - Snap shot by Miikka Salomaki.
2:57 of 1st period - Stopped by Brad Thiessen with a rebound.
3:19 of 1st period - Snap shot by Sebastian Wannstrom.
3:19 of 1st period - Shot Misses the Net.
3:21 of 1st period - Slapshot by Samuel Morin.
3:21 of 1st period - Shot Misses the Net.
3:23 of 1st period - Snap shot by Sebastian Wannstrom.
3:23 of 1st period - Stopped by Louis Domingue without a rebound.
3:24 of 1st period - Stephane Da Costa wins face-off versus Zack Hamill in Punishers zone.
3:54 of 1st period - Snap shot by Miikka Salomaki.
3:54 of 1st period - Shot Misses the Net.
3:56 of 1st period - Snap shot by Boone Jenner.
3:56 of 1st period - Stopped by Brad Thiessen without a rebound.
3:57 of 1st period - Andy Andreoff wins face-off versus Radek Faksa in Senators zone.
4:06 of 1st period - Slapshot by Radek Faksa.
4:06 of 1st period - Shot Misses the Net.
4:08 of 1st period - Slapshot by Jordan Schmaltz.
4:08 of 1st period - Shot Misses the Net.
4:10 of 1st period - Slapshot by Adam Pelech.
4:10 of 1st period - Shot Blocked by Ian Cole.
4:12 of 1st period - Slapshot by Jordan Schmaltz.
4:12 of 1st period - Stopped by Brad Thiessen without a rebound.
4:13 of 1st period - Stephane Da Costa wins face-off versus Zack Hamill in Senators zone.
5:11 of 1st period - Samuel Morin is hit by Carter Ashton and loses puck.
5:28 of 1st period - Wrist shot by Grant Besse.
5:28 of 1st period - Stopped by Louis Domingue without a rebound.
5:29 of 1st period - Stephane Da Costa wins face-off versus Zack Hamill in Punishers zone.
5:54 of 1st period - Madison Bowey is hit by Nick Foligno.
6:23 of 1st period - Minor Penalty to Carter Ashton for High sticking.
6:24 of 1st period - Stephane Da Costa wins face-off versus Zack Hamill in Punishers zone.
6:32 of 1st period - Slapshot by Gabriel Bourque.
6:32 of 1st period - Shot Misses the Net.
6:34 of 1st period - Slapshot by Samuel Morin.
6:34 of 1st period - Goal by Samuel Morin - Senators : 1 - Punishers : 1.
6:35 of 1st period - Zack Hamill wins face-off versus Stephane Da Costa in neutral zone.
6:51 of 1st period - Wrist shot by Matt Frattin.
6:51 of 1st period - Shot Misses the Net.
7:47 of 1st period - Slapshot by Andy Andreoff.
7:47 of 1st period - Stopped by Louis Domingue without a rebound.
7:48 of 1st period - Chandler Stephenson wins face-off versus Radek Faksa in Punishers zone.
8:59 of 1st period - Wrist shot by Zack Hamill.
8:59 of 1st period - Stopped by Brad Thiessen without a rebound.
9:00 of 1st period - Matt Frattin wins face-off versus Boone Jenner in Senators zone.
9:07 of 1st period - Adam Pelech is hit by Gabriel Bourque and loses puck.
9:32 of 1st period - Snap shot by Tomas Jurco.
9:32 of 1st period - Shot Blocked by Adam Pelech.
9:34 of 1st period - Snap shot by Tomas Jurco.
9:34 of 1st period - Stopped by Louis Domingue with a rebound.
9:36 of 1st period - Snap shot by Tomas Jurco.
9:36 of 1st period - Stopped by Louis Domingue with a rebound.
9:51 of 1st period - Minor Penalty to Sebastian Wannstrom for Tripping.
9:52 of 1st period - Gabriel Bourque wins face-off versus Zack Hamill in Senators zone.
10:00 of 1st period - Arturs Kulda is hit by Robbie Earl and loses puck.
10:30 of 1st period - Wrist shot by Boone Jenner.
10:30 of 1st period - Shot Misses the Net.
11:42 of 1st period - Stephane Da Costa is hit by Robbie Earl and loses puck.
11:51 of 1st period - Penalty to Sebastian Wannstrom is over, Sebastian Wannstrom is back on ice.
12:24 of 1st period - Nick Foligno is hit by Radek Faksa and loses puck.
12:35 of 1st period - Trevor Van Riemsdyk is hit by Grant Besse and loses puck.
12:57 of 1st period - Snap shot by Johannes Salmonsson.
12:57 of 1st period - Stopped by Louis Domingue with a rebound.
14:08 of 1st period - Icing by Dylan DeMelo.
14:09 of 1st period - Radek Faksa wins face-off versus Stephane Da Costa in Punishers zone.
14:28 of 1st period - Slapshot by Miikka Salomaki.
14:28 of 1st period - Stopped by Brad Thiessen with a rebound.
15:12 of 1st period - Wrist shot by Andy Andreoff.
15:12 of 1st period - Stopped by Louis Domingue with a rebound.
15:14 of 1st period - Snap shot by Dylan Blujus.
15:14 of 1st period - Shot Hit the Post.
15:16 of 1st period - Wrist shot by Chandler Stephenson.
15:16 of 1st period - Shot Misses the Net.
15:18 of 1st period - Backhand shot by Keegan Lowe.
15:18 of 1st period - Stopped by Louis Domingue with a rebound.
15:54 of 1st period - Slapshot by Boone Jenner.
15:54 of 1st period - Shot Misses the Net.
15:56 of 1st period - Slapshot by Patrick Wiercioch.
15:56 of 1st period - Shot Misses the Net.
16:16 of 1st period - Snap shot by Zack Hamill.
16:16 of 1st period - Shot Misses the Net.
16:32 of 1st period - Wrist shot by Chandler Stephenson.
16:32 of 1st period - Shot Misses the Net.
16:34 of 1st period - Snap shot by Grant Besse.
16:34 of 1st period - Stopped by Louis Domingue with a rebound.
16:36 of 1st period - Slapshot by Samuel Morin.
16:36 of 1st period - Shot Misses the Net.
16:38 of 1st period - Slapshot by Samuel Morin.
16:38 of 1st period - Deflect By Carter Ashton.
16:38 of 1st period - Stopped by Louis Domingue with a rebound.
17:04 of 1st period - Slapshot by Adam Pelech.
17:04 of 1st period - Stopped by Brad Thiessen with a rebound.
17:06 of 1st period - Slapshot by Adam Pelech.
17:06 of 1st period - Stopped by Brad Thiessen without a rebound.
17:07 of 1st period - Zack Hamill wins face-off versus Stephane Da Costa in Senators zone.
17:18 of 1st period - Snap shot by Stephane Da Costa.
17:18 of 1st period - Shot Blocked by Robbie Earl.
17:26 of 1st period - David Laliberté is hit by Gabriel Bourque and loses puck.
17:39 of 1st period - Robbie Earl is hit by Gabriel Bourque and loses puck.
18:16 of 1st period - Robbie Earl is hit by Stephane Da Costa and loses puck.
18:33 of 1st period - Snap shot by Stephane Da Costa.
18:33 of 1st period - Stopped by Louis Domingue with a rebound.
18:48 of 1st period - Snap shot by Zack Hamill.
18:48 of 1st period - Deflect By Robbie Earl.
18:48 of 1st period - Stopped by Brad Thiessen with a rebound.
18:50 of 1st period - Snap shot by David Laliberté.
18:50 of 1st period - Shot Hit the Post.
18:52 of 1st period - Slapshot by Trevor Van Riemsdyk.
18:52 of 1st period - Deflect By Stephane Da Costa.
18:52 of 1st period - Stopped by Brad Thiessen without a rebound.
18:53 of 1st period - Boone Jenner wins face-off versus Tommy Wingels in Senators zone.
Goals for this period are 1 for Senators vs 1 for Punishers.
Shots for this period are 13 for Senators vs 10 for Punishers.
2nd period
0:01 of 2nd period - Stephane Da Costa wins face-off versus Boone Jenner in neutral zone.
0:08 of 2nd period - Snap shot by Matt Frattin.
0:08 of 2nd period - Deflect By Stephane Da Costa.
0:08 of 2nd period - Stopped by Louis Domingue with a rebound.
0:10 of 2nd period - Snap shot by Arturs Kulda.
0:10 of 2nd period - Stopped by Louis Domingue without a rebound.
0:11 of 2nd period - Zack Hamill wins face-off versus Stephane Da Costa in Punishers zone.
0:11 of 2nd period - Zack Hamill is hit by Matt Frattin.
0:37 of 2nd period - Tyler Bertuzzi is hit by Tommy Wingels.
0:41 of 2nd period - Tomas Jurco is hit by Patrick Wiercioch and loses puck.
0:42 of 2nd period - Tomas Jurco from Senators is injured at 0:42 of 2nd period (Left Leg).
0:43 of 2nd period - Boone Jenner wins face-off versus Stephane Da Costa in Senators zone.
0:58 of 2nd period - Snap shot by Boone Jenner.
0:58 of 2nd period - Shot Blocked by Stephane Da Costa.
1:08 of 2nd period - David Laliberté is hit by Arturs Kulda.
1:57 of 2nd period - Slapshot by Adam Pelech.
1:57 of 2nd period - Stopped by Brad Thiessen without a rebound.
1:58 of 2nd period - Zack Hamill wins face-off versus Stephane Da Costa in Senators zone.
1:59 of 2nd period - Slapshot by Robbie Earl.
1:59 of 2nd period - Stopped by Brad Thiessen with a rebound.
2:01 of 2nd period - Slapshot by Patrick Wiercioch.
2:01 of 2nd period - Shot Blocked by Gabriel Bourque.
2:03 of 2nd period - Slapshot by Madison Bowey.
2:03 of 2nd period - Deflect By Zack Hamill.
2:03 of 2nd period - Shot Blocked by Ian Cole.
2:03 of 2nd period - Puck is out of play.
2:04 of 2nd period - Stephane Da Costa wins face-off versus Zack Hamill in Senators zone.
2:15 of 2nd period - Snap shot by Robbie Earl.
2:15 of 2nd period - Stopped by Brad Thiessen with a rebound.
2:17 of 2nd period - Wrist shot by David Laliberté.
2:17 of 2nd period - Shot Blocked by Stephane Da Costa.
2:19 of 2nd period - Slapshot by Patrick Wiercioch.
2:19 of 2nd period - Shot Misses the Net.
2:32 of 2nd period - Icing by Stephane Da Costa.
2:33 of 2nd period - Mark Jankowski wins face-off versus Stephane Da Costa in Senators zone.
3:20 of 2nd period - Samuel Morin is hit by Robbie Earl.
4:04 of 2nd period - Colton Gillies is hit by Nick Foligno and loses puck.
4:24 of 2nd period - Snap shot by Boone Jenner.
4:24 of 2nd period - Shot Misses the Net.
4:29 of 2nd period - Off-side.
4:30 of 2nd period - Zemgus Girgensons wins face-off versus Zack Hamill in neutral zone.
4:36 of 2nd period - Minor Penalty to Sebastian Wannstrom for Holding.
4:37 of 2nd period - Gabriel Bourque wins face-off versus Zack Hamill in Senators zone.
4:37 of 2nd period - Gabriel Bourque is hit by Adam Pelech.
6:36 of 2nd period - Penalty to Sebastian Wannstrom is over, Sebastian Wannstrom is back on ice.
6:42 of 2nd period - Olli Maatta is hit by Patrick Wiercioch and loses puck.
7:07 of 2nd period - Snap shot by Tommy Wingels.
7:07 of 2nd period - Shot Hit the Post.
7:17 of 2nd period - Trevor Van Riemsdyk is hit by Grant Besse.
8:13 of 2nd period - Slapshot by Ian Cole.
8:13 of 2nd period - Deflect By Grant Besse.
8:13 of 2nd period - Shot Misses the Net.
8:13 of 2nd period - Puck is out of play.
8:14 of 2nd period - Zack Hamill wins face-off versus Grant Besse in Punishers zone.
8:33 of 2nd period - Tyler Bertuzzi is hit by Phil Di Giuseppe and loses puck.
9:39 of 2nd period - Icing by Zack Hamill.
9:40 of 2nd period - Chandler Stephenson wins face-off versus Zack Hamill in Punishers zone.
10:13 of 2nd period - Slapshot by Ian Cole.
10:13 of 2nd period - Stopped by Louis Domingue with a rebound.
10:15 of 2nd period - Slapshot by Ian Cole.
10:15 of 2nd period - Shot Misses the Net.
10:17 of 2nd period - Slapshot by Ian Cole.
10:17 of 2nd period - Stopped by Louis Domingue without a rebound.
10:18 of 2nd period - Stephane Da Costa wins face-off versus Zack Hamill in Punishers zone.
10:47 of 2nd period - Wrist shot by Johannes Salmonsson.
10:47 of 2nd period - Stopped by Louis Domingue with a rebound.
11:01 of 2nd period - Minor Penalty to Robbie Earl for Delaying the game.
11:02 of 2nd period - Zack Hamill wins face-off versus Stephane Da Costa in Punishers zone.
11:07 of 2nd period - Ian Cole is hit by Zack Hamill and loses puck.
11:16 of 2nd period - Colton Gillies is hit by Arturs Kulda and loses puck.
11:27 of 2nd period - Nick Foligno is hit by Colton Gillies and loses puck.
13:01 of 2nd period - Penalty to Robbie Earl is over, Robbie Earl is back on ice.
13:01 of 2nd period - Carter Ashton is hit by Ian Cole and loses puck.
13:23 of 2nd period - Snap shot by Sebastian Wannstrom.
13:23 of 2nd period - Stopped by Louis Domingue with a rebound.
13:49 of 2nd period - Matt Frattin is hit by Adam Pelech and loses puck.
13:58 of 2nd period - Slapshot by Garret Ross.
13:58 of 2nd period - Stopped by Brad Thiessen without a rebound.
13:59 of 2nd period - Tommy Wingels wins face-off versus Boone Jenner in Senators zone.
13:59 of 2nd period - Tommy Wingels is hit by Tyler Bertuzzi.
14:25 of 2nd period - Zemgus Girgensons is hit by David Laliberté and loses puck.
14:56 of 2nd period - Slapshot by Colton Gillies.
14:56 of 2nd period - Shot Misses the Net.
14:58 of 2nd period - Slapshot by Mark Jankowski.
14:58 of 2nd period - Shot Misses the Net.
15:08 of 2nd period - Backhand shot by Nick Foligno.
15:08 of 2nd period - Stopped by Louis Domingue with a rebound.
15:52 of 2nd period - Slapshot by Olli Maatta.
15:52 of 2nd period - Stopped by Louis Domingue with a rebound.
15:54 of 2nd period - Slapshot by Arturs Kulda.
15:54 of 2nd period - Stopped by Louis Domingue with a rebound.
16:09 of 2nd period - Icing by Patrick Wiercioch.
16:10 of 2nd period - Stephane Da Costa wins face-off versus Mark Jankowski in Punishers zone.
16:35 of 2nd period - Tyler Bertuzzi is hit by Arturs Kulda and loses puck.
16:44 of 2nd period - Wrist shot by Nick Foligno.
16:44 of 2nd period - Shot Misses the Net.
17:20 of 2nd period - Snap shot by Garret Ross.
17:20 of 2nd period - Stopped by Brad Thiessen with a rebound.
17:22 of 2nd period - Snap shot by Garret Ross.
17:22 of 2nd period - Shot Blocked by Ian Cole.
17:24 of 2nd period - Snap shot by Jordan Schmaltz.
17:24 of 2nd period - Shot Blocked by Ian Cole.
17:26 of 2nd period - Slapshot by Adam Pelech.
17:26 of 2nd period - Shot Misses the Net.
17:28 of 2nd period - Wrist shot by Adam Pelech.
17:28 of 2nd period - Shot Misses the Net.
17:44 of 2nd period - Snap shot by Stephane Da Costa.
17:44 of 2nd period - Deflect By Gabriel Bourque.
17:44 of 2nd period - Stopped by Louis Domingue without a rebound.
17:45 of 2nd period - Zack Hamill wins face-off versus Gabriel Bourque in Punishers zone.
17:45 of 2nd period - Zack Hamill is hit by Matt Frattin.
17:55 of 2nd period - Snap shot by Zack Hamill.
17:55 of 2nd period - Shot Misses the Net.
17:57 of 2nd period - Snap shot by David Laliberté.
17:57 of 2nd period - Deflect By Robbie Earl.
17:57 of 2nd period - Stopped by Brad Thiessen with a rebound.
17:59 of 2nd period - Snap shot by Zack Hamill.
17:59 of 2nd period - Shot Misses the Net.
18:01 of 2nd period - Slapshot by David Laliberté.
18:01 of 2nd period - Goal by David Laliberté - Senators : 1 - Punishers : 2.
18:02 of 2nd period - Zack Hamill wins face-off versus Stephane Da Costa in neutral zone.
18:27 of 2nd period - Boone Jenner is hit by Arturs Kulda and loses puck.
18:56 of 2nd period - Snap shot by Miikka Salomaki.
18:56 of 2nd period - Shot Misses the Net.
19:32 of 2nd period - Madison Bowey is hit by Matt Frattin and loses puck.
19:41 of 2nd period - Backhand shot by Stephane Da Costa.
19:41 of 2nd period - Shot Blocked by Carter Ashton.
19:43 of 2nd period - Slapshot by Arturs Kulda.
19:43 of 2nd period - Shot Misses the Net.
19:45 of 2nd period - Slapshot by Matt Frattin.
19:45 of 2nd period - Shot Blocked by Patrick Wiercioch.
19:57 of 2nd period - Snap shot by Tommy Wingels.
19:57 of 2nd period - Stopped by Louis Domingue with a rebound.
19:59 of 2nd period - Wrist shot by Mason Geertsen.
19:59 of 2nd period - Deflect By Tommy Wingels.
19:59 of 2nd period - Stopped by Louis Domingue with a rebound.
Goals for this period are 0 for Senators vs 1 for Punishers.
Shots for this period are 12 for Senators vs 7 for Punishers.
3rd period
0:01 of 3rd period - Zack Hamill wins face-off versus Stephane Da Costa in neutral zone.
0:09 of 3rd period - Snap shot by Robbie Earl.
0:09 of 3rd period - Stopped by Brad Thiessen with a rebound.
0:11 of 3rd period - Snap shot by Robbie Earl.
0:11 of 3rd period - Deflect By Zack Hamill.
0:11 of 3rd period - Goal by Zack Hamill - Senators : 1 - Punishers : 3.
0:12 of 3rd period - Stephane Da Costa wins face-off versus Robbie Earl in neutral zone.
0:17 of 3rd period - Wrist shot by Gabriel Bourque.
0:17 of 3rd period - Shot Blocked by Robbie Earl.
0:41 of 3rd period - David Laliberté is hit by Johannes Salmonsson and loses puck.
1:10 of 3rd period - Wrist shot by Miikka Salomaki.
1:10 of 3rd period - Shot Misses the Net.
1:34 of 3rd period - Snap shot by Stephane Da Costa.
1:34 of 3rd period - Stopped by Louis Domingue without a rebound.
1:35 of 3rd period - Zemgus Girgensons wins face-off versus Boone Jenner in Punishers zone.
1:42 of 3rd period - Backhand shot by Zemgus Girgensons.
1:42 of 3rd period - Shot Misses the Net.
1:44 of 3rd period - Slapshot by Ian Cole.
1:44 of 3rd period - Deflect By Miikka Salomaki.
1:44 of 3rd period - Stopped by Louis Domingue with a rebound.
2:00 of 3rd period - Mark Jankowski is hit by Arturs Kulda and loses puck.
2:46 of 3rd period - Dylan Blujus is hit by Trevor Van Riemsdyk and loses puck.
3:30 of 3rd period - Wrist shot by Zemgus Girgensons.
3:30 of 3rd period - Deflect By Johannes Salmonsson.
3:30 of 3rd period - Goal by Johannes Salmonsson - Senators : 2 - Punishers : 3.
3:31 of 3rd period - Stephane Da Costa wins face-off versus Zack Hamill in neutral zone.
3:34 of 3rd period - Wrist shot by Gabriel Bourque.
3:34 of 3rd period - Stopped by Louis Domingue with a rebound.
3:40 of 3rd period - David Laliberté is hit by Gabriel Bourque and loses puck.
3:57 of 3rd period - Arturs Kulda is hit by Miikka Salomaki and loses puck.
4:20 of 3rd period - Slapshot by Colton Gillies.
4:20 of 3rd period - Shot Misses the Net.
4:22 of 3rd period - Wrist shot by Carter Ashton.
4:22 of 3rd period - Deflect By Colton Gillies.
4:22 of 3rd period - Stopped by Brad Thiessen with a rebound.
4:24 of 3rd period - Slapshot by Trevor Van Riemsdyk.
4:24 of 3rd period - Deflect By Colton Gillies.
4:24 of 3rd period - Goal by Colton Gillies - Senators : 2 - Punishers : 4.
4:25 of 3rd period - Stephane Da Costa wins face-off versus Zack Hamill in neutral zone.
6:19 of 3rd period - Wrist shot by Nick Foligno.
6:19 of 3rd period - Stopped by Louis Domingue with a rebound.
6:21 of 3rd period - Snap shot by Nick Foligno.
6:21 of 3rd period - Shot Misses the Net.
6:23 of 3rd period - Slapshot by Dylan Blujus.
6:23 of 3rd period - Shot Blocked by Michael Joly.
7:57 of 3rd period - Snap shot by Andy Andreoff.
7:57 of 3rd period - Shot Hit the Post.
8:43 of 3rd period - Nick Foligno is hit by David Laliberté and loses puck.
9:04 of 3rd period - Ian Cole is hit by Boone Jenner and loses puck.
9:27 of 3rd period - Wrist shot by Grant Besse.
9:27 of 3rd period - Shot Misses the Net.
9:29 of 3rd period - Wrist shot by Andy Andreoff.
9:29 of 3rd period - Shot Blocked by Madison Bowey.
9:31 of 3rd period - Snap shot by Ian Cole.
9:31 of 3rd period - Stopped by Louis Domingue with a rebound.
9:33 of 3rd period - Slapshot by Andy Andreoff.
9:33 of 3rd period - Goal by Andy Andreoff - Senators : 3 - Punishers : 4.
9:34 of 3rd period - Stephane Da Costa wins face-off versus Zack Hamill in neutral zone.
9:41 of 3rd period - Snap shot by David Laliberté.
9:41 of 3rd period - Stopped by Brad Thiessen with a rebound.
9:43 of 3rd period - Slapshot by Madison Bowey.
9:43 of 3rd period - Shot Blocked by Samuel Morin.
9:45 of 3rd period - Snap shot by Robbie Earl.
9:45 of 3rd period - Goal by Robbie Earl - Senators : 3 - Punishers : 5.
9:45 of 3rd period - Ben Bishop enters game.
9:46 of 3rd period - Zack Hamill wins face-off versus Stephane Da Costa in neutral zone.
9:53 of 3rd period - Snap shot by Zack Hamill.
9:53 of 3rd period - Stopped by Ben Bishop with a rebound.
10:00 of 3rd period - Off-side.
10:01 of 3rd period - Boone Jenner wins face-off versus Tommy Wingels in neutral zone.
10:11 of 3rd period - Icing by Adam Pelech.
10:12 of 3rd period - Boone Jenner wins face-off versus Stephane Da Costa in Punishers zone.
10:23 of 3rd period - Ian Cole is hit by Jordan Schmaltz and loses puck.
10:35 of 3rd period - Icing by Adam Pelech.
10:36 of 3rd period - Zack Hamill wins face-off versus Tommy Wingels in Punishers zone.
11:25 of 3rd period - Icing by Patrick Wiercioch.
11:26 of 3rd period - Carter Ashton wins face-off versus Stephane Da Costa in Punishers zone.
11:31 of 3rd period - Colton Gillies is hit by Gabriel Bourque.
11:35 of 3rd period - Colton Gillies is hit by Matt Frattin and loses puck.
12:43 of 3rd period - Minor Penalty to Tommy Wingels for Cross-checking.
12:44 of 3rd period - Zack Hamill wins face-off versus Gabriel Bourque in Senators zone.
13:10 of 3rd period - Ian Cole is hit by Adam Pelech and loses puck.
13:15 of 3rd period - Snap shot by Miikka Salomaki.
13:15 of 3rd period - Shot Blocked by Arturs Kulda.
13:17 of 3rd period - Snap shot by Tyler Bertuzzi.
13:17 of 3rd period - Stopped by Ben Bishop with a rebound.
13:19 of 3rd period - Slapshot by Jordan Schmaltz.
13:19 of 3rd period - Stopped by Ben Bishop with a rebound.
14:43 of 3rd period - Penalty to Tommy Wingels is over, Tommy Wingels is back on ice.
14:49 of 3rd period - Mark Jankowski is hit by Tommy Wingels and loses puck.
14:54 of 3rd period - Wrist shot by Nick Foligno.
14:54 of 3rd period - Deflect By Phil Di Giuseppe.
14:54 of 3rd period - Shot Misses the Net.
14:54 of 3rd period - Puck is out of play.
14:55 of 3rd period - Zemgus Girgensons wins face-off versus Colton Gillies in Punishers zone.
15:31 of 3rd period - Slapshot by Dylan Blujus.
15:31 of 3rd period - Stopped by Louis Domingue with a rebound.
16:16 of 3rd period - Dylan Blujus is hit by Mark Jankowski and loses puck.
16:23 of 3rd period - Wrist shot by Zemgus Girgensons.
16:23 of 3rd period - Stopped by Louis Domingue with a rebound.
16:25 of 3rd period - Slapshot by Zemgus Girgensons.
16:25 of 3rd period - Stopped by Louis Domingue with a rebound.
16:27 of 3rd period - Wrist shot by Zemgus Girgensons.
16:27 of 3rd period - Stopped by Louis Domingue with a rebound.
16:29 of 3rd period - Wrist shot by Sebastian Wannstrom.
16:29 of 3rd period - Shot Misses the Net.
16:35 of 3rd period - Minor Penalty to Colton Gillies for Hooking.
16:36 of 3rd period - Zack Hamill wins face-off versus Stephane Da Costa in Punishers zone.
17:07 of 3rd period - Slapshot by Nick Foligno.
17:07 of 3rd period - Shot Misses the Net.
17:23 of 3rd period - Wrist shot by Robbie Earl.
17:23 of 3rd period - Stopped by Ben Bishop with a rebound.
18:35 of 3rd period - Penalty to Colton Gillies is over, Colton Gillies is back on ice.
19:15 of 3rd period - Minor Penalty to Andy Andreoff for Hooking.
19:16 of 3rd period - Zack Hamill wins face-off versus Gabriel Bourque in Senators zone.
19:31 of 3rd period - Wrist shot by Gabriel Bourque.
19:31 of 3rd period - Goal by Gabriel Bourque - Senators : 4 - Punishers : 5.
19:32 of 3rd period - Zack Hamill wins face-off versus Gabriel Bourque in neutral zone.
19:57 of 3rd period - Gabriel Bourque is hit by Boone Jenner and loses puck.
Goals for this period are 3 for Senators vs 3 for Punishers.
Shots for this period are 12 for Senators vs 10 for Punishers.
Back to the Top